 Dungeon Crawl Stone Soup version 0.23.2-1-ga50397a (webtiles) character file.

Game seed: 9356350844069125199

633 Borgoz the Chopper (level 7, -4/93 HPs)
             Began as a Minotaur Monk on May 25, 2019.
             Was a Believer of Okawaru.
             Slain by Pikel
             ... wielding a +2 whip of electrocution
              (11 damage)
             ... on level 5 of the Dungeon.
             The game lasted 00:07:01 (3758 turns).

Borgoz the Chopper (Minotaur Monk)                  Turns: 3758, Time: 00:07:02

Health: -4/93      AC: 10    Str: 22    XL:     7   Next: 24%
Magic:  6/6        EV: 13    Int:  7    God:    Okawaru [**....]
Gold:   307        SH:  0    Dex: 13    Spells: 6/6 levels left

rFire    . . .     SeeInvis .   a - +0 hand axe
rCold    . . .     Gourm    .   (no shield)
rNeg     . . .     Faith    .   l - +0 scale mail
rPois    .         Spirit   .   (helmet restricted)
rElec    .         Reflect  .   g - +2 cloak
rCorr    .         Harm     .   (no gloves)
MR       .....                  (no boots)
Stlth    ..........             (no amulet)
HPRegen  0.25/turn              (no ring)
MPRegen  0.10/turn              (no ring)

@: berserking, flying, very quick
A: retaliatory headbutt, horns 2
a: Heroism, Renounce Religion


You were on level 5 of the Dungeon.
You worshipped Okawaru.
Okawaru was pleased with you.
You were not hungry.

You visited 2 branches of the dungeon, and saw 6 of its levels.
You also visited: Sewer.

You collected 307 gold pieces.

Inventory:

Hand Weapons
 a - a +0 hand axe (weapon)
Armour
 g - a +2 cloak (worn)
 l - a +0 scale mail (worn)
Scrolls
 b - 3 scrolls of noise {unknown}
 d - 9 scrolls of identify {unknown}
 e - a scroll of random uselessness {unknown}
 h - 2 scrolls of teleportation {unknown}
 k - 2 scrolls of fear {unknown}
 m - a scroll of magic mapping {unknown}
 r - a scroll of enchant weapon {unknown}
 s - a scroll of fog {unknown}
Potions
 i - 2 potions of curing {unknown}
 o - 3 potions of flight
 p - a potion of ambrosia {unknown}
 t - a potion of haste {unknown}
 u - 2 potions of brilliance {unknown}
Comestibles
 c - 6 rations
 j - 6 chunks of flesh


   Skills:
 + Level 5.8 Fighting
 + Level 5.9 Axes
 + Level 4.4 Armour
 + Level 5.4 Dodging
 - Level 1.7 Stealth


You had 6 spell levels left.
You didn't know any spells.
Your spell library contained the following spells:

 Spells                   Type           Power        Failure   Level  Hunger
 Confusing Touch          Hex            #.....       75%         1    ##.....
 Confuse                  Hex            #.......     98%         3    ####...
 Gell's Gravitas          Tloc           #.........   98%         3    ####...
 Petrify                  Tmut/Erth      #.......     100%        4    #####..
 Metabolic Englaciation   Hex/Ice        #.........   100%        5    ######.
 Yara's Violent Unravell  Hex/Tmut       #.........   100%        5    ######.


Dungeon Overview and Level Annotations

Branches:
Dungeon (5/15)             Temple (1/1) D:4

Altars:
Ashenzari
Cheibriados
Dithmenos
Elyvilon
Fedhas
Gozag
Hepliaklqana
Kikubaaqudgha
Makhleb
Nemelex Xobeh
Okawaru
Qazlal
Ru
Trog
Uskayaw
Vehumet
Wu Jian
Xom
Yredelemnul
Zin
The Shining One

Annotations:
D:5 Pikel


Innate Abilities, Weirdness & Mutations

You reflexively headbutt those who attack you in melee.
You have a pair of horns on your head.


Message History

You closely miss Pikel. You headbutt Pikel.
Pikel is heavily wounded.
Pikel smiles. "I know this place well.
And it is filled with the corpses of daring fools like you!
Won't you join me?"
Pikel hits you with a +2 whip of electrocution.
You closely miss Pikel.
Pikel is heavily wounded.
Pikel hits you but does no damage.
You are electrocuted!!
* * * LOW HITPOINT WARNING * * *
It was a potion of flight.
You feel very buoyant.
You fly up into the air.
Pikel hits you with a +2 whip of electrocution.
* * * LOW HITPOINT WARNING * * *
It was a potion of berserk rage.
A red film seems to cover your vision as you go berserk!
You feel yourself moving faster!
You feel mighty!
Pikel hits you with a +2 whip of electrocution!
* * * LOW HITPOINT WARNING * * *
You are electrocuted!
You die...

......# ##>## #.#
#..# #.. ......#
#.# #.# #..# #..
......# #.# #.#
#..# #.. ###.#.#
#.# ###.# #..# #..
#.#.# #.# #...#
#..# #.. #.#.# #.#
#.### #..# #..
#.#.# #.# #..# #..
#.#.. #.# #..
#.### #@# #.# #K#
#.# #p# #.#
.#######p#########
........p#.pp.....
...........#
.###########


You could see Pikel and 3 slaves.

Vanquished Creatures
  A slave (D:5)
  2 big kobolds
  A bullfrog (D:2)
  A scorpion (D:4)
  An orc priest (D:2)
  2 worker ants (D:5)
  A killer bee zombie (D:5)
  5 gnolls (D:4)
  6 adders
  A river rat (Sewer)
  An ooze (D:3)
  3 worms
  4 leopard geckos
  4 orcs
  6 giant cockroaches
  30 goblins
  34 hobgoblins
  4 jackals
  2 quokkas
  3 ball pythons
  6 bats
  5 frilled lizards
  15 kobolds
  A quokka skeleton (D:5)
  11 rats
150 creatures vanquished.

Notes
Turn   | Place    | Note
-------+----------+-------------------------------------------
     0 | D:1      | Borgoz the Minotaur Monk began the quest for the Orb.
     0 | D:1      | Reached XP level 1. HP: 19/19 MP: 0/0
    87 | D:1      | Reached XP level 2. HP: 12/27 MP: 1/1
   532 | D:1      | Found a sparkling altar of Nemelex Xobeh.
   701 | D:1      | Reached skill level 1 in Armour
   855 | D:2      | Noticed a bullfrog
   866 | D:2      | Killed a bullfrog
   866 | D:2      | Reached XP level 3. HP: 18/34 MP: 2/2
   866 | D:2      | Reached XP level 4. HP: 22/41 MP: 3/3
  1483 | D:2      | Reached XP level 5. HP: 44/47 MP: 4/4
  1787 | D:3      | Found a glowing drain.
  1811 | Sewer    | Entered a sewer
  1950 | Sewer    | Reached skill level 5 in Fighting
  1950 | Sewer    | Reached skill level 5 in Axes
  1986 | Sewer    | Found a white marble altar of Elyvilon.
  2157 | D:3      | Reached XP level 6. HP: 56/56 MP: 5/5
  2575 | D:4      | Reached skill level 5 in Dodging
  2738 | D:4      | Reached XP level 7. HP: 49/61 MP: 6/6
  2908 | D:4      | Found a staircase to the Ecumenical Temple.
  3068 | Temple   | Entered the Ecumenical Temple
  3169 | Temple   | Became a worshipper of Warmaster Okawaru
  3169 | Temple   | Reached * piety under Okawaru
  3169 | Temple   | Reached ** piety under Okawaru
  3503 | D:5      | Entered Level 5 of the Dungeon
  3719 | D:5      | Noticed Pikel
  3758 | D:5      | Slain by Pikel

Skill      XL: |  1  2  3  4  5  6 |
---------------+-------------------+-----
Axes           | 4 5 |  5.9
Armour         | 2 3 4 |  4.4
Fighting       | 4 5 |  5.8
Dodging        | 4 5 |  5.4
Stealth        | |  1.7

Action                   |  1- 3 |  4- 6 |  7- 9 || total
-------------------------+-------+-------+-------++-------
Melee: Hand axe          |    55 |   253 |    65 ||   373
       Headbutt          |    10 |    48 |    16 ||    74
Throw: Throwing net      |       |       |     1 ||     1
  Use: Potion            |       |       |     4 ||     4
 Stab: Sleeping          |     1 |       |       ||     1
       Held in net/web   |       |       |     1 ||     1
  Eat: Chunk             |       |     6 |     4 ||    10
Armor: Robe              |    13 |       |       ||    13
       Scale mail        |    10 |   104 |    30 ||   144
Dodge: Dodged            |    38 |   144 |    46 ||   228
